Map: Honorgrounds LE

Players

Pelden

  • Race: Zerg Zerg
  • Spawn Location: 7:00

Loken - Winner!

  • Race: Protoss Protoss
  • League: Platinum
  • Spawn Location: 5:00

VOD

Have the link to the VOD?

Description

Time

  • Played on: April 7, 2017, 2:03 p.m.
  • Length: 16:07
Show
View Real Time Build Order
Export as new Build Order

Pelden Zerg 

Build Orders: Pool First 

Get SALT Encoding   

  12  0:01  Drone  
  13  0:12  Overlord  
  13  0:18  Drone  
  14  0:31  Drone  
  15  0:39  Spawning Pool  
  15  0:41  Drone  
  15  0:50  Drone x2  
  17  1:16  Hatchery  
  17  1:17  Drone  
  17  1:21  Drone  
  18  1:31  Queen  
  20  1:37  Overlord  
  20  1:46  Extractor  
  20  1:47  Drone x2  
  21  2:11  Drone x3  
  24  2:17  Queen  
  26  2:24  Drone  
  26  2:29  Drone  
  28  2:42  Zergling x2  
  28  2:43  Zergling x6  
  32  2:55  Extractor  
  31  3:02  Zergling x10  
  36  3:09  Overlord  
  36  3:24  Overlord  
  36  3:25  Overlord x3  
  36  3:27  Drone x2  
  36  3:33  Metabolic Boost, Lair  
  34  3:52  Drone  
  34  3:53  Drone x2  
  37  3:56  Drone x3  
  37  4:02  Roach Warren  
  39  4:05  Drone  
  39  4:07  Drone x2  
  42  4:29  Drone  
  42  4:30  Drone  
  44  4:39  Hydralisk Den  
  44  4:40  Drone x3  
  44  4:43  Drone x2  
  44  4:45  Extractor  
  47  4:52  Hatchery  
  46  4:56  Roach x4  
  46  4:57  Drone  
  55  5:09  Lurker Den  
  55  5:14  Glial Reconstitution  
  55  5:21  Evolution Chamber, Hydralisk x2  
  55  5:26  Drone x2  
  60  5:28  Overlord x2  
  60  5:30  Drone  
  60  5:34  Extractor  
  60  5:45  Drone x2  
  60  5:46  Pneumatized Carapace  
  62  5:51  Roach x4  
  70  6:08  Roach  
  70  6:09  Roach x4  
  80  6:18  Roach  
  82  6:20  Overlord  
  82  6:21  Overlord  
  82  6:36  Hatchery  
  81  6:40  Roach x3, Hydralisk  
  81  6:41  Hydralisk  
  91  6:51  Drone x2  
  91  6:52  Drone  
  96  7:01  Roach x2  
  93  7:26  Roach x5  
  93  7:29  Spine Crawler  
  84  7:33  Roach x4  
  84  7:34  Roach x3  
  70  7:45  Roach x3  
  71  8:00  Drone  
  71  8:01  Drone x2  
  71  8:04  Roach x2  
  71  8:05  Roach  
  80  8:22  Muscular Augments  
  80  8:29  Roach x5  
  80  8:30  Roach x3  
  96  8:37  Drone x3  
  99  8:43  Drone x3  
  99  8:44  Extractor  
  103  8:55  Roach  
  103  8:58  Lurker  
  103  9:00  Overlord  
  103  9:01  Overlord  
  104  9:18  Drone  
  104  9:21  Drone x2  
  104  9:22  Drone  
  108  9:25  Spine Crawler  
  108  9:27  Roach x2, Hydralisk  
  108  9:28  Roach  
  115  9:43  Zerg Missile Weapons Level 1  
  115  9:46  Roach x2  
  119  10:03  Overseer  
  64  10:23  Roach  
  64  10:24  Roach x15  
  76  10:44  Roach x6  
  84  10:51  Roach x3  
  82  11:14  Roach x4  
  82  11:15  Roach x4  
  84  11:19  Spine Crawler  
  84  11:23  Drone x3  
  82  11:36  Hydralisk Den  
  75  11:42  Zerg Ground Armor Level 1  
  71  11:54  Roach x7  
  79  11:57  Ravager  
  79  12:00  Ravager  
  87  12:13  Roach x5  
  87  12:14  Queen  
  99  12:20  Drone  
  99  12:22  Drone x2  
  102  12:49  Roach  
  102  12:50  Overlord x3  
  100  13:01  Roach x6  
  64  13:13  Roach x2  
  64  13:14  Roach x3  
  72  13:27  Hatchery  
  72  13:34  Drone  
  72  13:58  Spine Crawler  
  72  13:59  Roach  
  72  14:00  Roach x5  
  84  14:15  Roach x5  
  84  14:16  Roach  
  65  14:26  Roach  
  65  14:27  Roach x2  
  63  14:31  Roach  
  63  14:32  Roach  
  63  14:34  Drone  
  62  14:38  Roach  
  62  14:45  Roach x2  
  51  14:57  Roach x3  
  49  15:12  Drone x2  
  49  15:14  Drone  
  49  15:15  Roach Warren  
  49  15:16  Drone x3  
  49  15:19  Spine Crawler  
  47  15:21  Roach Warren  
  47  15:23  Drone  
  42  15:43  Hatchery  
Show
View Real Time Build Order
Export as new Build Order

Loken Protoss - Winner!

Build Orders: 1 Gate Expand 

Get SALT Encoding   

  12  0:01  Probe (Chrono Boost)  
  13  0:12  Probe (Chrono Boost)  
  14  0:23  Pylon, Probe (Chrono Boost)  
  15  0:41  Probe (Chrono Boost)  
  16  0:52  Gateway  
  16  0:54  Gateway  
  16  0:57  Probe (Chrono Boost)  
  17  1:08  Probe (Chrono Boost)  
  18  1:13  Assimilator  
  19  1:18  Probe (Chrono Boost)  
  19  1:37  Nexus  
  19  1:46  Zealot x2  
  23  1:55  Cybernetics Core  
  23  2:01  Pylon  
  23  2:13  Assimilator  
  23  2:19  Probe (Chrono Boost)  
  25  2:30  Probe (Chrono Boost)  
  25  2:33  Warp Gate  
  25  2:40  Probe (Chrono Boost)  
  26  2:44  Stalker  
  26  2:51  Probe (Chrono Boost)  
  29  2:53  Stalker  
  29  2:58  Probe (Chrono Boost)  
  32  3:01  Probe (Chrono Boost)  
  33  3:08  Probe (Chrono Boost)  
  33  3:11  Pylon  
  34  3:14  Stalker  
  36  3:24  Stalker  
  38  3:44  Stalker  
  38  3:45  Gateway  
  38  3:47  Gateway  
  40  3:49  Gateway  
  40  3:50  Probe (Chrono Boost)  
  40  3:53  Probe (Chrono Boost)  
  42  4:02  Probe (Chrono Boost)  
  43  4:03  Probe (Chrono Boost)  
  44  4:13  Probe (Chrono Boost)  
  44  4:14  Pylon, Probe (Chrono Boost)  
  46  4:23  Twilight Council, Probe (Chrono Boost)  
  47  4:34  Probe (Chrono Boost)  
  47  4:35  Assimilator  
  48  4:41  Probe (Chrono Boost)  
  48  4:44  Probe (Chrono Boost)  
  50  4:46  Stalker x2  
  50  4:51  Probe (Chrono Boost)  
  55  5:05  Stalker x3  
  61  5:09  Pylon  
  61  5:10  Blink  
  61  5:12  Pylon  
  61  5:16  Probe (Chrono Boost)  
  61  5:27  Probe (Chrono Boost)  
  62  5:37  Stalker  
  62  5:38  Stalker x3  
  62  5:40  Stalker  
  72  5:53  Probe (Chrono Boost)  
  72  5:56  Probe (Chrono Boost)  
  74  6:03  Probe (Chrono Boost)  
  75  6:08  Probe (Chrono Boost)  
  77  6:20  Probe (Chrono Boost)  
  77  6:26  Pylon  
  77  6:27  Pylon  
  77  6:28  Pylon  
  77  6:45  Gateway  
  77  6:46  Gateway  
  77  6:48  Gateway  
  77  6:49  Stalker x4  
  77  6:50  Stalker  
  77  6:51  Forge  
  55  7:53  Protoss Ground Weapons Level 1  
  55  7:54  Stalker  
  55  7:55  Stalker x4  
  65  8:00  Charge  
  65  8:05  Probe x2 (Chrono Boost)  
  67  8:07  Assimilator  
  67  8:15  Probe (Chrono Boost)  
  67  8:17  Probe (Chrono Boost)  
  69  8:22  Stalker x5  
  69  8:23  Stalker x3  
  85  8:32  Pylon  
  85  8:51  Stalker x3  
  85  8:52  Stalker x4  
  99  9:02  Nexus  
  99  9:16  Pylon  
  99  9:21  Stalker x2  
  99  9:22  Stalker x3  
  109  9:44  Zealot  
  109  9:45  Zealot x3  
  117  9:52  Pylon x2  
  117  9:54  Pylon x2  
  117  9:56  Pylon  
  65  10:51  Stalker x2  
  65  10:52  Stalker x6  
  75  11:09  Protoss Ground Weapons Level 2  
  73  11:16  Stalker x4  
  73  11:17  Stalker x4  
  79  11:41  Stalker x2  
  79  11:42  Stalker x4  
  89  11:59  Robotics Facility  
  89  12:00  Robotics Facility  
  89  12:03  Assimilator  
  89  12:07  Probe (Chrono Boost)  
  90  12:10  Assimilator  
  90  12:18  Probe (Chrono Boost)  
  90  12:21  Photon Cannon  
  91  12:23  Photon Cannon  
  93  12:51  Observer x2  
  93  12:53  Stalker x5  
  93  12:54  Stalker x2  
  89  13:19  Zealot x4  
  96  13:20  Zealot x3  
  102  13:41  Dark Shrine  
  86  14:19  Stalker  
  86  14:20  Stalker x5  
  86  14:21  Stalker x2  
  90  15:15  Dark Templar x3  
  90  15:16  Dark Templar x5  
Tags
 
Add a new tag
Caveats
  • Supply blocks, unpowered buildings, or Contaminate may cause inaccurate times.
  • Supply counts are checked every 10 seconds.